 Dungeon Crawl Stone Soup version 0.31-a0-325-g067879e3d3 (webtiles) character file.

Game seed: 14896397703074645087

65 lunkers the Changeling (level 4, -5/38 HPs)
             Began as a Meteoran Shapeshifter on July 18, 2023.
             Killed by divine providence
             ... invoked by an orc priest
              (14 damage)
             ... on level 3 of the Dungeon.
             The game lasted 00:02:15 (958 turns).

lunkers the Changeling (Meteoran Shapeshifter)       Turns: 958, Time: 00:02:15

Health: -5/38      AC:  6    Str: 16    XL:     4   Next: 62%
Magic:  5/5        EV: 12    Int:  9    God:
Gold:   86         SH:  0    Dex: 17    Spells: 3/3 levels left

rFire   . .          .
                       - Unarmed
rCold   + . .        (no shield)
rNeg    . . .        g - +1 ring mail {rC+}
rPois   .            (helmet currently unavailable)
rElec   .            (cloak currently unavailable)
rCorr   .            (gloves currently unavailable)
SInv    .            (boots currently unavailable)
Will    .....        (no amulet)
Stlth   +            h - ring of flight
HPRegen 0.26/turn    (no ring)
MPRegen 0.09/turn

%: no passive effects
@: beast-form, flying, glowing
A: beast (slay +2), sense surroundings 1, otherworldly, glowing, explore regen
a: Begin Untransformation


You were on level 3 of the Dungeon.
You were a hulking beast.
You visited 1 branch of the dungeon, and saw 3 of its levels.

You collected 86 gold pieces.

Inventory:

Hand Weapons
 e - a +2 short sword of draining
Armour
 a - a +0 animal skin
 g - a +1 ring mail of cold resistance (worn)
Jewellery
 h - a ring of flight (left hand)
Talismans
 c - a beast talisman
Scrolls
 d - a scroll of fog {unknown}
 j - a scroll of teleportation {unknown}
 l - 3 scrolls of identify {unknown}
Potions
 b - 2 potions of lignification
 f - a potion of heal wounds {unknown}
 i - a potion of brilliance {unknown}
 k - a potion of cancellation {unknown}
 m - 3 potions of berserk rage {unknown}
 n - a potion of invisibility {unknown}
 o - 2 potions of curing {unknown}
 p - a potion of might {unknown}


   Skills:
 + Level 3.0 Fighting
 + Level 3.3 Dodging
 + Level 3.2 Unarmed Combat
 + Level 4.1 Shapeshifting


You had 3 spell levels left.
You didn't know any spells.
Your spell library contained the following spells:

 Spells                   Type           Power      Damage    Failure   Level
 Sublimation of Blood     Necr           0%         N/A       75%         2
 Petrify                  Tmut/Erth      0%         N/A       100%        4
 Irradiate                Conj/Tmut      0%         3d11      100%        5


Dungeon Overview and Level Annotations

Branches:
Dungeon (3/15) Zot: 844

Altars:

Shops:
D:2 !


Innate Abilities, Weirdness & Mutations

You are a hulking beast.
Your limbs bulge with bestial killing power. (Slay +2)
You passively map a small area around you.
You are easily found by Zot.
You glow in the dark.
You regain HP and MP as you explore.


Message History

Deactivating autopickup; reactivate with Ctrl-A.
The orc priest invokes the aid of Beogh against you.
Beogh smites you!
You closely miss the orc wizard.
The orc wizard is severely wounded.
The orc wizard hits you with a +0 dagger.
The orc barely misses you.
The orc wizard attacks as you move away!
The orc wizard hits you with a +0 dagger.
The orc attacks as you move away! The orc hits you with a +0 falchion.
The orc wizard attacks as you move away!
The orc wizard hits you but does no damage.
The orc wizard attacks as you move away!
The orc wizard misses you.
The orc wizard points at you and mumbles some strange words.
The puff of flame hits you!
* * * LOW HITPOINT WARNING * * *
The orc priest begins to cast a cantrip, but forgets the words!
You closely miss the orc wizard.
The orc wizard is severely wounded.
The orc wizard hits you but does no damage.
You hit the orc wizard.
You kill the orc wizard!
Your Fighting skill increases to level 3!
You barely miss something. Something hits you but does no damage.
You miss something. Something hits you but does no damage.
You miss something. Something hits you but does no damage.
You miss something. Something hits you but does no damage.
You barely miss something. Something hits you but does no damage.
You hit something. Something hits you but does no damage.
The orc priest invokes the aid of Beogh against you.
Beogh smites you!
* * * LOW HITPOINT WARNING * * *
You miss something. Something hits you but does no damage.
You closely miss something. Something hits you.
* * * LOW HITPOINT WARNING * * *
You closely miss something.
The orc priest calls down the wrath of Beogh upon you.
Beogh smites you!
You die...

, ........# * *
,*#....... , , , *
#....#.### * ,#....#...
, < , , , *,
#.#..#.######. , ,
#.#........... #,
#.#<.#.######## *
###.#####.####.#.......,
.........oo{h......# *
#.......####.#.#.# *
##...#### #.#.# ** *
#... , #...# * #....
*#..##, * .?...o ,, ....
* ..P.P.., ...## ..PP.P.
, ...# * *


PP..... , * You could see an orc priest and an orc.

Vanquished Creatures
  An orc wizard (D:3)
  An adder (D:2)
  A dart slug (D:2)
  2 endoplasms (D:1)
  4 giant cockroaches (D:1)
  3 hobgoblins
  2 jackals (D:1)
  A quokka (D:1)
  A ball python (D:1)
  6 bats
  2 frilled lizards (D:2)
  A goblin (D:1)
  A kobold (D:1)
  3 rats
29 creatures vanquished.

Notes
Turn   | Place    | Note
-------+----------+-------------------------------------------
     0 | D:1      | lunkers the Meteoran Shapeshifter began the quest for the
                  | Orb.
     0 | D:1      | Reached XP level 1. HP: 17/17 MP: 2/2
    63 | D:1      | Reached XP level 2. HP: 21/25 MP: 3/3
   132 | D:1      | Found a faded altar of an unknown god.
   393 | D:1      | Reached XP level 3. HP: 20/30 MP: 4/4
   552 | D:2      | Found Soxats's Distillery.
   900 | D:2      | Reached skill level 4 in Shapeshifting
   900 | D:2      | Reached XP level 4. HP: 35/37 MP: 5/5
   958 | D:3      | Killed from afar by an orc priest

Illustrated notes

Levels and vault maps discovered:
D:1:      dreamdust_arrival_sigmund_warning, layout_basic,
          ebering_ecumenical_altar_abandoned, serial_bayou,
          serial_bayou_shore_a, serial_bayou_shore_b, serial_bayou_pond_b,
          serial_bayou_pond_a
D:2:      layout_loops_ring, serial_shops, shop
D:3:      layout_basic, lemuel_round_altar, serial_shops,
          nicolae_shop_overgrown_old_shop, dreamdust_mushroom_princess,
          wad_floor_pattern_untrapped

Skill      XL: |  1  2  3  4 |
---------------+-------------+-----
Dodging        | 3 |  3.3
Unarmed Combat | 3 |  3.2
Shapeshifting  | 4 |  4.1
Fighting       | 3 |  3.0

Action                     |  1- 3 |  4- 6 || total
---------------------------+-------+-------++-------
  Melee: Unarmed           |   101 |    15 ||   116
         Punch             |     1 |       ||     1
 Armour: Animal skin       |     9 |       ||     9
         Ring mail         |    44 |    10 ||    54
  Dodge: Dodged            |    66 |     2 ||    68

Table legend: (Time is in decaauts)
 A = Elapsed time spent in this place.
 B = Non-inter-level travel time spent in this place.
 C = Inter-level travel time spent in this place.
 D = Time resting spent in this place.
 E = Time spent auto-exploring this place.
 F = Levels seen in this place.
 G = Mean time per level.
                   A        B        C        D        E       F      G
               +--------+--------+--------+--------+--------+-----+--------+
         Total |    954 |    909 |     45 |      0 |    620 |   3 |  318.0 |
       Dungeon |    954 |    909 |     45 |      0 |    620 |   3 |  318.0 |
               +--------+--------+--------+--------+--------+-----+--------+

Top non-repeatable levels by time:
     D:2: 465 daAuts
     D:1: 452 daAuts
     D:3: 36 daAuts
